 Dungeon Crawl Stone Soup version 0.28.0-49-g6dfe1f597d (webtiles) character file.

Game seed: 17348312363189660563

9525 101zpm the Thaumaturge (level 11, 0/58 HPs)
             Began as a Djinni Fire Elementalist on May 12, 2022.
             Was a Priest of Hepliaklqana.
             Killed by an exploding four-headed hydra (6 damage)
             ... ignited by their inner flame
             ... on level 11 of the Dungeon.
             The game lasted 00:28:48 (15293 turns).

101zpm the Thaumaturge (Djinni Fire Elementalist)  Turns: 15293, Time: 00:28:50

Health: 0/58       AC: 13    Str:  7    XL:     11   Next: 76%
Gold:   688        EV:  8    Int: 21    God:    Hepliaklqana [***...] SH:  0 Dex: 14

rFire   + + .      SeeInvis .   N - +6 great sword
rCold   . . .      Faith    .   (shield currently unavailable)
rNeg    . . .      Spirit   .   O - +2 scale mail {rC+}
rPois   ∞          Reflect  .   (no helmet)
rElec   .          Harm     .   (no cloak)
rCorr   .          Rampage  .   E - +0 pair of gloves
Will    ++...                   (boots unavailable)
Stlth   +.........              z - amulet of the acrobat
HPRegen 0.19/turn               m - +4 ring of protection
MPRegen 0.00/turn               B - ring of willpower

@: flying
A: reduced essence, sickness immunity, fire resistance 2, cold vulnerability 1,
float, innate caster, HP casting, extra vitality 1
a: Renounce Religion, Ancestor Life: Knight, Ancestor Life: Battlemage, Ancestor
Life: Hexer, Recall Ancestor, Ancestor Identity, Transference


You were on level 11 of the Dungeon.
You worshipped Hepliaklqana.
Hepliaklqana was most pleased with you.
You visited 2 branches of the dungeon, and saw 12 of its levels.

You collected 934 gold pieces.
You spent 246 gold pieces at shops.

Inventory:

Hand Weapons
 L - the +7 long sword of Sumnomu {drain, Drain rElec rPois rN++}
   (You bought it in a shop on level 4 of the Dungeon)

   A truly terrible weapon, it drains the life of any living foe it strikes.
   rElec:     It insulates you from electricity.
   rPois:     It protects you from poison.
   rN:        It greatly protects you from negative energy.
   Drain:     It drains your maximum health when unequipped.
 N - a +6 great sword (weapon)
Missiles
 D - a throwing net
Armour
 a - a +0 robe
 E - a +0 pair of gloves (worn)
 O - a +2 scale mail of cold resistance (worn)
Jewellery
 m - a +4 ring of protection (left hand)
 z - an amulet of the acrobat (around neck)
 A - a ring of wizardry
 B - a ring of willpower (right hand)
 I - a ring of ice
Wands
 G - a wand of flame (13)
 J - a wand of iceblast (10)
Scrolls
 b - 3 scrolls of vulnerability {unknown}
 c - 2 scrolls of blinking {unknown}
 e - 3 scrolls of magic mapping {unknown}
 f - 2 scrolls of holy word {unknown}
 k - 3 scrolls of identify {unknown}
 n - a scroll of silence {unknown}
 q - a scroll of fear {unknown}
 s - a scroll of teleportation {unknown}
 u - 2 scrolls of amnesia {unknown}
 x - a scroll of noise {unknown}
 y - 3 scrolls of enchant armour {unknown}
 C - a scroll of torment {unknown}
 K - a scroll of enchant weapon {unknown}
Potions
 d - a potion of attraction {unknown}
 g - 2 potions of degeneration {unknown}
 h - 2 potions of might {unknown}
 i - 3 potions of curing {unknown}
 j - a potion of invisibility {unknown}
 l - a potion of brilliance {unknown}
 o - 2 potions of flight {unknown}
 p - 4 potions of berserk rage {unknown}
 r - a potion of heal wounds {unknown}
 t - a potion of experience {unknown}
 v - 2 potions of resistance {unknown}
 w - 3 potions of magic {unknown}
 F - 2 potions of mutation {unknown}
 H - 2 potions of lignification {unknown}
 M - a potion of haste {unknown}


   Skills:
 + Level 3.5 Dodging
 + Level 4.4 Stealth
 + Level 13.2 Spellcasting


You had 9 spell levels left.
You knew the following spells:

 Your Spells              Type           Power      Damage    Failure   Level
a - Foxfire               Conj/Fire      100%       2x1d9     1%          1
b - Scorch                Fire           100%       2d10      1%          2
c - Conjure Flame         Conj/Fire      62%        6-21      1%          3
d - Inner Flame           Hex/Fire       62%        N/A       1%          3
e - Flame Wave            Conj/Fire      62%        2d12      2%          4
f - Slow                  Hex            100%       N/A       1%          1
g - Static Discharge      Conj/Air       62%        N/A       1%          2
h - Spider Form           Tmut/Pois      62%        N/A       1%          3
i - Sticky Flame          Conj/Fire      62%        2d8       2%          4
j - Iskenderun's Mystic   Conj/Tloc      62%        2d13      2%          4
Your spell library was empty.

Dungeon Overview and Level Annotations

Branches:
Dungeon (11/15)            Temple (1/1) D:5            Lair (0/6) D:10
    Orc: D:9-12

Altars:
Ashenzari
Cheibriados
Dithmenos
Elyvilon
Fedhas
Gozag
Hepliaklqana
Kikubaaqudgha
Makhleb
Nemelex Xobeh
Okawaru
Qazlal
Ru
Sif Muna
Trog
Uskayaw
Vehumet
Wu Jian
Xom
Yredelemnul
Zin
The Shining One
Beogh

Shops:
D:4 [*?*!

Annotations:
D:6 2 transporters, spica's ghost, novice HOBe
D:7 3 runed translucent doors, dvd2's ghost, novice HOFE
D:9 2 transporters, exclusion: downstairs, Exodus22XD's ghost, novice MiFi


Innate Abilities, Weirdness & Mutations

Your life essence is reduced to manifest your ancestor. (-10% HP)
You are immune to sickness and miasma.
You are immune to poison.
Your flesh is very heat resistant. (rF++)
You are vulnerable to cold. (rC-)
You float through the air rather than walking.
You learn spells naturally, not from books.
Your magical power is your life essence.
You have superior vitality. (+4 MHP)


Message History

The four-headed hydra bites Leofric!
Leofric is destroyed!
Casting: Inner Flame (safe; 1% risk of failure)
Confirm with . or Enter, or press ? or * to list all spells.
Aiming: Inner Flame (safe; 1% risk of failure)
Press: ? - help, Dir - move target, f/p - four-headed hydra
Aim: a four-headed hydra (chance to affect: 77%)
The four-headed hydra is filled with an intense inner flame!
Casting: Inner Flame (safe; 1% risk of failure)
Confirm with . or Enter, or press ? or * to list all spells.
Flames lash the four-headed hydra.
Flame seeps out of the four-headed hydra.
The four-headed hydra is moderately wounded.
The four-headed hydra's fire resistance burns away.
The four-headed hydra is engulfed in blazing flames.
Flame seeps out of the four-headed hydra.
The four-headed hydra bites you! The four-headed hydra bites you.
The four-headed hydra bites you!
The four-headed hydra bites you but does no damage.
Casting: Scorch (safe; 1% risk of failure)
Confirm with . or Enter, or press ? or * to list all spells.
Flames lash the four-headed hydra.
The four-headed hydra is burned terribly!
Flame seeps out of the four-headed hydra.
The four-headed hydra is heavily wounded.
The four-headed hydra is engulfed in blazing flames.
Flame seeps out of the four-headed hydra.
The four-headed hydra bites you. x2
* * * LOW HITPOINT WARNING * * *
The four-headed hydra bites you!
* * * LOW HITPOINT WARNING * * *
The four-headed hydra bites you but does no damage.
Casting: Scorch (safe; 1% risk of failure)
Confirm with . or Enter, or press ? or * to list all spells.
Flames lash the four-headed hydra.
The four-headed hydra is burned terribly!
* * * LOW HITPOINT WARNING * * *
The four-headed hydra explodes!
The fiery explosion engulfs you. You resist.
You die...

..# #### ..# #.. ..#
#§####### ..# #@°§.....
..# #§#§.....
..##############.##.....
..................# ....
..................######
..#####'#...............
..#.....#.............##
..#.....#...##'####...#
..#.....#...#.....+...#


There were no monsters in sight!

Vanquished Creatures
  A hydra (D:11)
  Erica (D:8)
  A two-headed ogre (D:9)
  Urug (D:10)
  3 centaur zombies (D:6)
  A gargoyle (D:10)
  An unseen horror (D:10)
  2 trolls
  Grinder (D:5)
  Prince Ribbit (D:8)
  6 yaks (D:9)
  2 wyverns
  2 vampire mosquitoes (D:9)
  An acid dragon (D:10)
  2 water moccasins
  3 sky beasts
  An ice beast (D:5)
  4 necrophages
  5 orc warriors
  A black bear (D:7)
  2 wolves (D:10)
  4 centaurs
  2 phantoms
  2 kobold brigands (D:8)
  2 bullfrogs (D:7)
  3 scorpions
  A water moccasin skeleton (D:6)
  14 killer bees
  4 howler monkeys
  3 electric eels (D:10)
  5 hounds
  A jelly (D:6)
  3 orc priests
  3 iguanas
  5 orc wizards
  Terence (D:2)
  A hound skeleton (D:3)
  2 howler monkey zombies
  A gnoll (D:1)
  2 howler monkey skeletons
  9 adders
  7 white imps
  An ufetubus (D:6)
  2 adder skeletons (D:3)
  3 worms (D:4)
  A dart slug (D:2)
  10 orcs
  6 endoplasms
  A giant cockroach (D:1)
  2 goblins (D:2)
  10 hobgoblins
  12 jackals
  15 kobolds
  2 quokkas
  11 ball pythons
  3 bats
  2 frilled lizards (D:2)
  A giant cockroach zombie (D:3)
  A goblin skeleton (D:6)
  A goblin zombie (D:6)
  4 hobgoblin zombies (D:6)
  A jackal skeleton (D:4)
  A kobold zombie (D:6)
  5 orc zombies (D:6)
  4 rats
216 creatures vanquished.

Vanquished Creatures (collateral kills)
  A vampire mosquito (D:9)
  An orc warrior (D:9)
  A scorpion (D:7)
  An orc (D:9)
  A foxfire (D:1)
5 creatures vanquished.

Vanquished Creatures (others)
  2 ancestors
  914 foxfires
  A withered plant (D:3)
917 creatures vanquished.

Grand Total: 1138 creatures vanquished

Notes
Turn   | Place    | Note
-------+----------+-------------------------------------------
     0 | D:1      | 101zpm the Djinni Fire Elementalist began the quest for the
                  | Orb.
     0 | D:1      | Reached XP level 1. HP: 15/15 MP: 0/0
     9 | D:1      | You are sucked into a shaft and drop 1 floor!
   172 | D:2      | Reached XP level 2. HP: 20/21 MP: 0/0
   191 | D:3      | Found a stormy altar of Qazlal.
   191 | D:3      | Found a shimmering altar of Xom.
   191 | D:3      | Found a burning altar of Makhleb.
   191 | D:3      | Found an iron altar of Okawaru.
   197 | D:3      | Found an opulent altar of Gozag.
   197 | D:3      | Found an ornate altar of the Wu Jian Council.
   407 | D:3      | Reached skill level 3 in Spellcasting
   407 | D:3      | Reached XP level 3. HP: 21/25 MP: 0/0
   407 | D:3      | Learned a level 1 spell: Slow
   411 | D:4      | Found Faumytza's Assorted Antiques.
   417 | D:5      | Entered Level 5 of the Dungeon
   417 | D:5      | Noticed an ice beast
   514 | D:4      | Noticed a scorpion
   517 | D:4      | Killed a scorpion
   518 | D:4      | Reached XP level 4. HP: 18/31 MP: 0/0
   646 | D:4      | Found Zeruse Ito's Distillery.
   791 | D:4      | Found Qeitziss's General Store.
   793 | D:4      | Found Mimmongo's Antique Armour Shoppe.
   833 | D:4      | Reached skill level 4 in Spellcasting
   833 | D:4      | Reached XP level 5. HP: 29/35 MP: 0/0
   833 | D:4      | Learned a level 2 spell: Static Discharge
  1057 | D:4      | Noticed a necrophage
  1063 | D:4      | Killed a necrophage
  1064 | D:4      | Reached XP level 6. HP: 19/40 MP: 0/0
  1428 | D:4      | Found Waonofeh's Magic Scroll Emporium.
  1448 | D:4      | Reached skill level 5 in Spellcasting
  2310 | D:3      | Reached XP level 7. HP: 32/45 MP: 0/0
  2310 | D:3      | Learned a level 3 spell: Spider Form
  3079 | D:2      | Noticed Terence
  3084 | D:2      | Killed Terence
  4554 | D:1      | Found a faded altar of an unknown god.
  5387 | D:5      | Reached skill level 6 in Spellcasting
  5393 | D:5      | Noticed Grinder
  5397 | D:5      | Killed Grinder
  5398 | D:5      | Reached XP level 8. HP: 21/50 MP: 0/0
  5953 | D:5      | Reached skill level 7 in Spellcasting
  6435 | D:5      | Found a staircase to the Ecumenical Temple.
  6442 | D:5      | Noticed a wyvern
  6447 | Temple   | Entered the Ecumenical Temple
  6512 | Temple   | Became a worshipper of Hepliaklqana the Forgotten
  6574 | D:5      | Killed a wyvern
  7374 | D:6      | Reached XP level 9. HP: 50/55 MP: 0/0
  7374 | D:6      | Learned a level 4 spell: Sticky Flame
  7383 | D:6      | Reached skill level 8 in Spellcasting
  7912 | D:6      | Reached skill level 9 in Spellcasting
  7994 | D:6      | Found a glowing golden altar of the Shining One.
  8184 | D:6      | Noticed spica's ghost (novice HOBe)
  8294 | D:6      | Found a transporter.
  8297 | D:6      | Found a transporter.
  8736 | D:7      | Reached * piety under Hepliaklqana
  9786 | D:7      | Found a runed translucent gate.
  9789 | D:7      | Found a runed translucent gate.
  9790 | D:7      | Found a runed translucent gate.
  9790 | D:7      | Noticed dvd2's ghost (novice HOFE)
 10001 | D:8      | Noticed a troll
 10004 | D:8      | Killed a troll
 10005 | D:8      | Reached XP level 10. HP: 47/54 MP: 0/0
 10012 | D:8      | Reached skill level 10 in Spellcasting
 10387 | D:8      | Noticed Erica
 10397 | D:8      | Killed Erica
 10774 | D:8      | Reached ** piety under Hepliaklqana
 11166 | D:8      | Noticed Prince Ribbit
 11171 | D:8      | Killed Prince Ribbit
 11172 | D:8      | Reached skill level 11 in Spellcasting
 11832 | D:9      | Found a transporter.
 11874 | D:9      | Found a transporter.
 11883 | D:9      | Noticed a deep elf pyromancer
 11885 | D:9      | Noticed Exodus22XD's ghost (novice MiFi)
 11947 | D:9      | Found a broken altar of Ashenzari.
 12105 | D:9      | Noticed a two-headed ogre
 12110 | D:9      | Killed a two-headed ogre
 12111 | D:9      | Reached XP level 11. HP: 52/58 MP: 0/0
 12111 | D:9      | Learned a level 4 spell: Iskenderun's Mystic Blast
 12288 | D:9      | Reached skill level 12 in Spellcasting
 13617 | D:4      | Bought a smouldering long sword for 246 gold pieces
 13617 | D:4      | Identified the +7 long sword of Sumnomu {drain, Drain rElec
                  | rPois rN++} (You bought it in a shop on level 4 of the
                  | Dungeon)
 13779 | D:10     | Entered Level 10 of the Dungeon
 13779 | D:10     | Noticed Urug
 14318 | D:10     | Found a staircase to the Lair.
 14738 | D:10     | Reached *** piety under Hepliaklqana
 14953 | D:10     | Reached skill level 13 in Spellcasting
 14982 | D:10     | Killed Urug
 15287 | D:11     | Noticed a four-headed hydra
 15293 | D:11     | Killed a four-headed hydra
 15293 | D:11     | Killed by an exploding four-headed hydra... ignited by
                  | their inner flame

Illustrated notes

Levels and vault maps discovered:
D:1:      dpeg_arrival_solitude, layout_basic,
          chequers_ecumenical_altar_simple_redux, serial_park_tiny_1,
          skrybe_limestone_x
D:2:      layout_loops_corners, uniq_terence
D:3:      layout_basic, grunt_temple_overflow_open, serial_undead,
          serial_undead_a, serial_undead_a, serial_undead_f, serial_undead_b
D:4:      layout_basic, serial_shops, nicolae_shop_behind_doors, shop,
          nicolae_shop_overgrown_old_shop, nicolae_shop_overgrown_old_shop,
          shop_fountains, kennysheep_small_circle
D:5:      layout_loops_cross, minmay_temple_entry_statues, minmay_crystal_water,
          uniq_grinder
D:6:      layout_loops_ring, nicolae_tso_besieged_by_evil, gammafunk_ghost_arena
D:7:      layout_basic, biasface_ghost_orc_armoury
D:8:      layout_basic, uniq_erica, uniq_prince_ribbit1
D:9:      minmay_goldmine, layout_stronghold, ashenzari_conservatory_becter,
          nzn_ghost_randoct
D:10:     layout_loops_ring, erik_lair_island, serial_aquarium,
          aquarium_bridge_straight [aquarium_subvault_bridge,
          aquarium_subvault_window, aquarium_subvault_bridge,
          aquarium_subvault_window], aquarium_bridge_straight
          [aquarium_subvault_bridge, aquarium_subvault_window,
          aquarium_subvault_bridge, aquarium_subvault_window],
          aquarium_window_1, aquarium_window_2, aquarium_window_1,
          aquarium_view_2b, aquarium_view_2a, uniq_urug
D:11:     layout_irregular_city, serial_shops,
          nicolae_shop_bloodbath_and_beyond, portal_ice_cave_entry_imps,
          uniq_psyche
Temple:   nicolae_temple_x_marks_the_god

Skill      XL: |  1  2  3  4  5  6  7  8  9 10 11 |
---------------+----------------------------------+-----
Spellcasting   | 3 4 5 6 7 9 11 13 | 13.2
Stealth        | 2 3 4 |  4.4
Dodging        | 3 |  3.5

Action                   |  1- 3 |  4- 6 |  7- 9 | 10-12 || total
-------------------------+-------+-------+-------+-------++-------
 Cast: Foxfire           |    22 |    60 |   325 |   154 ||   561
       Scorch            |     4 |     8 |    60 |    54 ||   126
       Inner Flame       |       |     8 |    51 |    63 ||   122
       Conjure Flame     |       |       |       |     1 ||     1
Armor: Robe              |       |       |     1 |     5 ||     6
       Scale mail        |       |       |       |     2 ||     2
Dodge: Dodged            |    12 |       |    15 |     9 ||    36
